 Dungeon Crawl Stone Soup version 0.31-a0-1338-gb567cfdca4 (webtiles) character file.

Game seed: 12674626881621520518

11976 tallbingo the Spear-Bearer (level 11, -2/101 HPs)
             Began as a Minotaur Berserker on Dec 19, 2023.
             Was an Elder of Trog.
             Killed from afar by an ice statue (39 damage)
             ... with a bolt of cold
             ... in an ice cave on Dec 21, 2023.
             The game lasted 00:34:16 (12102 turns).

tallbingo the Spear-Bearer (Minotaur Berserker)    Turns: 12102, Time: 00:34:18

Health: -2/101     AC: -1    Str: 25    XL:     11   Next: 56%
Magic:  10/10      EV: 12    Int:  4    God:    Trog [****..]
Gold:   569        SH:  5    Dex: 11    Spells: 10/10 levels left

rFire   + . .        M - +2 spear (venom)
rCold   . . .        (no shield)
rNeg    . . .        v - +1 scale mail {rF+}
rPois   .            (helmet restricted)
rElec   .            o - +0 cloak
rCorr   +            Q - +0 pair of gloves
SInv    +            r - +0 pair of boots
Will    .....        n - amulet of reflection
Stlth   +            m - ring of see invisible
HPRegen 0.36/turn    K - ring of resist corrosion
MPRegen 0.12/turn

%: reflection
@: corroded
A: horns 2, retaliatory headbutt
a: Renounce Religion, Berserk, Trog's Hand, Brothers in Arms


You were in an ice cave.
You worshipped Trog.
Trog was greatly pleased with you.
You visited 2 branches of the dungeon, and saw 12 of its levels.
You also visited: Bailey and Ice Cave.

You collected 569 gold pieces.

Inventory:

Hand Weapons
 a - a +0 spear
 H - a +3 halberd of draining
 M - a +2 spear of venom (weapon)
 O - a +3 spear of chaos
Missiles
 w - 3 poisoned darts
Armour
 o - a +0 cloak (worn)
 r - a +0 pair of boots (worn)
 v - a +1 scale mail of fire resistance (worn)
 A - +0 swamp dragon scales
 N - +0 acid dragon scales
 Q - a +0 pair of gloves (worn)
Jewellery
 m - a ring of see invisible (left hand)
 n - an amulet of reflection (around neck)
 D - an amulet of faith
 K - a ring of resist corrosion (right hand)
Wands
 b - a wand of paralysis (6)
 s - a wand of flame (10)
Scrolls
 c - 6 scrolls of teleportation
 d - a scroll of fear {unknown}
 e - a scroll of brand weapon {unknown}
 h - a scroll of silence {unknown}
 l - a scroll of vulnerability {unknown}
 p - 3 scrolls of enchant weapon
 t - 2 scrolls of revelation {unknown}
 u - 2 scrolls of enchant armour
 y - a scroll of blinking {unknown}
 C - a scroll of poison {unknown}
 F - 2 scrolls of torment {unknown}
Potions
 f - a potion of heal wounds
 g - 4 potions of degeneration {unknown}
 i - 3 potions of invisibility
 j - 3 potions of curing
 q - a potion of ambrosia {unknown}
 x - 2 potions of magic {unknown}
 z - 4 potions of brilliance {unknown}
 B - 6 potions of might {unknown}
 E - 2 potions of enlightenment {unknown}
 G - 7 potions of haste
 I - a potion of mutation {unknown}
 J - a potion of experience {unknown}
 P - 2 potions of lignification {unknown}
 R - a potion of berserk rage {unknown}


   Skills:
 + Level 10.3 Fighting
 + Level 13.7 Polearms
 + Level 1.4 Throwing
 + Level 10.8 Armour
 + Level 6.7 Dodging
 + Level 3.5 Stealth
 + Level 5.4 Shields
 + Level 1.2 Evocations


You had 10 spell levels left.
You didn't know any spells.
Your spell library contained the following spells:

 Spells                   Type           Power      Damage    Failure   Level
 Volatile Blastmotes      Fire/Tloc      0%         2d10      98%         3
 Fulminant Prism          Conj/Alch      0%         3d5       100%        4
 Iskenderun's Mystic Bla  Conj/Tloc      0%         2d3       100%        4


Dungeon Overview and Level Annotations

Branches:
Dungeon (11/15)            Temple (0/1) D:6             Orc (1/2) D:9
 Bailey (visited)           IceCv (1/1)
   Lair: D:8-11

Altars:
Ashenzari
Elyvilon
Nemelex Xobeh
Okawaru
Ru
Sif Muna
Xom

Shops:
D:1 (   D:3 !

Portals:
Trove: D:10 (give +4 shadow dragon scales)

Annotations:
Orc:1 Snorg IceCv exclusion: ice statue


Innate Abilities, Weirdness & Mutations

You have a pair of horns on your head.
You reflexively headbutt those who attack you in melee.


Message History

The ice beast is heavily wounded.
You hit the ice beast but do no damage.
The ice beast looks as sick as possible!
The ice beast is heavily wounded.
The ice statue glitters chillingly in the dim dungeon light.
The ice beast completely misses you.
You hit the ice beast but do no damage. Your headbutt misses the ice beast.
The ice beast is severely wounded.
You barely miss the ice beast.
The ice beast is severely wounded.
The ice beast hits you but does no damage.
Level annotation: exclusion: ice statue Welcome back, tallbingo the Minotaur Berserker.
Trog says: Kill them all!
Press ? for a list of commands and other information.
You hit the ice beast. You headbutt the ice beast.
You kill the ice beast!
The ice beast disappears in a puff of smoke!
Aiming: Throw Flame
Press: ? - help, Q - select action, (/) - cycle Shift-Dir - straight line, f - ice statue
Aim: an ice statue (heavily damaged, 100% to hit)
The puff of flame hits the ice statue but does no damage.
The ice statue is heavily damaged.
Aiming: Throw Flame
Press: ? - help, Q - select action, (/) - cycle Shift-Dir - straight line, f/p - ice statue
Aim: an ice statue (heavily damaged, 100% to hit)
The puff of flame hits the ice statue.
The ice statue is heavily damaged.
The ice statue gestures at you. The ice statue gestures at you.
The bolt of cold hits you!!
You feel much better.
Acid dripping from the walls corrodes you.
You are engulfed in freezing vapours.
You are engulfed in freezing vapours.
The ice statue gestures. 2 great orbs of eyes simulacrum and a slime creature simulacrum come into view.
The ice statue gestures at you. The bolt of cold hits you!!!
You die...

##.....## .
##.....##$). ######
#........))###....####
#.....######..........
#......###.....###..
##...........###
###.........#
########.## #@#
#........Z...
#Z....8.....##
......Y####### Z....##
..### .


You could see an ice statue, an ice beast (summoned), a slime creature
simulacrum and 2 great orb of eyes simulacra.

Vanquished Creatures
  A tengu warrior (D:11)
  Maurice (D:7)
  The ghost of timneilson the Ruffian, a novice DrSh (D:5)
  4 molten gargoyles (D:9)
  2 rime drakes (D:11)
  Maggie (D:6)
  An unseen horror (D:10)
  A guardian mummy (D:10)
  2 hornets
  3 trolls
  Prince Ribbit (D:5)
  Grinder (D:3)
  A wraith (D:6)
  A slime creature (IceCv)
  An unseen horror simulacrum (D:8)
  6 yaks
  Grum (D:8)
  A steam dragon (D:6)
  Menkaure (D:7)
  2 acid dragons (D:9)
  Edmund (D:4)
  4 water moccasins
  Duvessa (D:7)
  6 orc warriors
  A great orb of eyes simulacrum (IceCv)
  2 black bears
  2 ice beasts
  An ogre (D:5)
  2 centaurs
  3 wolves (D:8)
  A slime creature simulacrum (IceCv)
  A kobold brigand (D:8)
  6 bullfrogs
  4 scorpions
  3 wights (D:9)
  Dowan (D:7)
  3 killer bees (D:9)
  2 orc priests
  3 hounds
  2 jellies
  2 gnoll boudas
  4 iguanas
  Natasha (twice) (D:2)
  6 orc wizards
  A shapeshifter simulacrum (IceCv)
  A killer bee simulacrum (D:8)
  Robin (D:2)
  19 gnolls
  3 adders
  A shadow imp (D:5)
  3 white imps
  An ufetubus (D:8)
  A worm (D:2)
  5 dart slugs
  The ghost of chickenman the Scratcher, a weakling FeSh (D:5)
  41 orcs
  9 bats
  8 endoplasms
  3 giant cockroaches
  19 goblins
  5 hobgoblins
  4 jackals (D:5)
  3 quokkas
  6 ball pythons
  5 frilled lizards
  17 kobolds
  8 rats
261 creatures vanquished.

Vanquished Creatures (collateral kills)
  A slime creature (IceCv)
  A hornet (D:10)
  A slime creature simulacrum (IceCv)
  2 gnolls (Bailey)
  An orc (Bailey)
6 creatures vanquished.

Grand Total: 267 creatures vanquished

Notes
Turn   | Place    | Note
-------+----------+-------------------------------------------
     0 | D:1      | tallbingo the Minotaur Berserker began the quest for the
                  | Orb.
     0 | D:1      | Reached XP level 1. HP: 19/19 MP: 0/0
    78 | D:1      | Reached skill level 4 in Polearms
   169 | D:1      | Reached XP level 2. HP: 27/27 MP: 1/1
   509 | D:1      | Found Gatas's Antique Weapon Shop.
   703 | D:2      | Found a broken altar of Ashenzari.
   793 | D:2      | Reached XP level 3. HP: 33/33 MP: 2/2
  1039 | D:2      | Noticed Robin
  1042 | D:2      | Reached ** piety under Trog
  1056 | D:2      | Killed Robin
  1059 | D:2      | Reached skill level 5 in Polearms
  1061 | D:2      | Reached XP level 4. HP: 34/41 MP: 3/3
  1326 | D:2      | Noticed Natasha
  1329 | D:2      | Killed Natasha
  1551 | D:2      | Noticed Natasha
  1560 | D:2      | Killed Natasha
  1561 | D:2      | Reached XP level 5. HP: 23/47 MP: 4/4
  1833 | D:3      | Found Set Cuto's Distillery.
  1916 | D:3      | Noticed Grinder
  1918 | D:3      | Paralysed by Grinder for 3 turns
  1930 | D:3      | Paralysed by Grinder for 5 turns
  1937 | D:3      | Killed Grinder
  1938 | D:3      | Reached skill level 5 in Fighting
  1938 | D:3      | Reached skill level 6 in Polearms
  1938 | D:3      | Reached skill level 1 in Stealth
  1938 | D:3      | Reached XP level 6. HP: 36/56 MP: 5/5
  2183 | D:3      | Found an iron altar of Okawaru.
  2454 | D:4      | Found a shimmering blue altar of Sif Muna.
  2492 | D:4      | Reached *** piety under Trog
  2712 | D:4      | Noticed Edmund
  2732 | D:4      | Killed Edmund
  2733 | D:4      | Reached skill level 7 in Polearms
  2733 | D:4      | Reached XP level 7. HP: 38/61 MP: 6/6
  2842 | D:4      | Found a sacrificial altar of Ru.
  2943 | D:4      | Reached skill level 1 in Shields
  3123 | D:5      | Entered Level 5 of the Dungeon
  3222 | D:5      | Found a runed translucent gate.
  3222 | D:5      | Found a runed translucent gate.
  3222 | D:5      | Found a runed translucent gate.
  3222 | D:5      | Noticed timneilson's ghost (novice DrSh)
  3223 | D:5      | Noticed chickenman's ghost (weakling FeSh)
  3463 | D:5      | Reached skill level 1 in Throwing
  3570 | D:5      | Reached skill level 8 in Polearms
  3664 | D:5      | Found a broken altar of Ashenzari.
  3980 | D:5      | Killed chickenman's ghost
  3988 | D:5      | Killed timneilson's ghost
  3989 | D:5      | Reached XP level 8. HP: 70/70 MP: 7/7
  4100 | D:6      | Noticed Prince Ribbit
  4295 | D:5      | Reached skill level 5 in Armour
  4491 | D:5      | HP: 3/71 [poisoned by a scorpion]
  4714 | D:5      | Killed Prince Ribbit
  4715 | D:5      | Reached skill level 9 in Polearms
  5032 | D:6      | Noticed Maggie
  5060 | D:6      | Killed Maggie
  5061 | D:6      | Reached skill level 5 in Dodging
  5061 | D:6      | Reached XP level 9. HP: 47/79 MP: 8/8
  5241 | D:6      | Found a staircase to the Ecumenical Temple.
  5449 | D:6      | Reached skill level 10 in Polearms
  5949 | D:7      | Noticed a troll
  5957 | D:7      | Killed a troll
  6138 | D:7      | Noticed Duvessa
  6141 | D:7      | Noticed Dowan
  6142 | D:7      | Reached **** piety under Trog
  6153 | D:7      | Killed Duvessa
  6166 | D:7      | Killed Dowan
  6168 | D:7      | Upgraded the game from 0.31-a0-1308-ga3cce3a448 to
                  | 0.31-a0-1321-g5021b54cb2
  6200 | D:7      | Noticed Maurice
  6345 | D:7      | Found a white marble altar of Elyvilon.
  6347 | D:7      | Paralysed by Maurice for 4 turns
  6354 | D:7      | Paralysed by Maurice for 4 turns
  6373 | D:7      | Maurice stole 3 poisoned darts
  6383 | D:7      | Killed Maurice
  6524 | D:7      | Reached XP level 10. HP: 87/88 MP: 9/9
  6540 | D:7      | Reached skill level 11 in Polearms
  6701 | D:7      | Noticed Menkaure
  6715 | D:7      | Killed Menkaure
  7253 | D:8      | Noticed Grum
  7284 | D:8      | Killed Grum
  7675 | D:8      | Found a flagged portal.
  7685 | Bailey   | Entered a bailey
  7863 | Bailey   | Reached ***** piety under Trog
  7946 | Bailey   | Reached skill level 1 in Evocations
  8921 | D:9      | Noticed a molten gargoyle
  8929 | D:9      | Killed a molten gargoyle
  8930 | D:9      | Reached skill level 12 in Polearms
  8930 | D:9      | Noticed a molten gargoyle
  9183 | D:9      | Killed a molten gargoyle
  9579 | D:9      | Noticed a molten gargoyle
  9579 | D:9      | Noticed a molten gargoyle
  9588 | D:9      | Killed a molten gargoyle
  9589 | D:9      | Reached XP level 11. HP: 88/97 MP: 10/10
 10034 | D:9      | Found a staircase to the Orcish Mines.
 10111 | D:9      | Found a shimmering altar of Xom.
 10253 | D:9      | Found a sparkling altar of Nemelex Xobeh.
 10284 | Orc:1    | Entered Level 1 of the Orcish Mines
 10284 | Orc:1    | Noticed Snorg
 10303 | D:10     | Entered Level 10 of the Dungeon
 10370 | D:10     | Reached skill level 13 in Polearms
 10370 | D:10     | Reached skill level 10 in Armour
 10423 | D:10     | Reached skill level 5 in Shields
 10909 | D:10     | Found a portal to a secret trove of treasure.
 11216 | D:10     | Paralysed by a hornet for 2 turns
 11221 | D:10     | Paralysed by a hornet for 1 turns
 11223 | D:10     | Reached skill level 10 in Fighting
 11545 | D:11     | Noticed a tengu warrior
 11554 | D:11     | Killed a tengu warrior
 11712 | D:11     | Found a frozen archway.
 11736 | IceCv    | Entered an ice cave
 12094 | IceCv    | Upgraded the game from 0.31-a0-1321-g5021b54cb2 to
                  | 0.31-a0-1338-gb567cfdca4
 12102 | IceCv    | Killed from afar by an ice statue

Illustrated notes

Levels and vault maps discovered:
D:1:      denvon_arrival_planthouse, layout_basic, serial_shops, shop
D:2:      kennysheep_six_static_rooms, layout_basic, basic_altar, uniq_robin,
          uniq_natasha
D:3:      layout_basic, okawaru_altar_gauntlet_db, serial_shops,
          nicolae_shop_temple_entry_statues_fountains, minmay_misc_feat_chi,
          uniq_grinder
D:4:      layout_loops_ring, nicolae_overflow_hidden_temple,
          nicolae_sif_muna_condensation, uniq_edmund
D:5:      layout_basic, mainiacjoe_overflow_chevrons, gammafunk_ghost_cemetery
D:6:      layout_basic, temple_doors_ab, uniq_maggie, uniq_prince_ribbit1
D:7:      layout_loops_ring, general_overflow_altar, uniq_duvessa, uniq_maurice,
          uniq_menkaure
D:8:      layout_basic, enter_bailey_6, serial_ice, serial_ice_f, serial_ice_h,
          serial_ice_b, serial_ice_o, serial_bayou_pond_e, uniq_grum
D:9:      layout_rooms, nemelex_diamond_rough_becter, tgw_xom, minivault_8
D:10:     layout_roguey, nicolae_trove_entry_path_of_doom
D:11:     layout_roguey, erik_lair_orcish_takeover, portal_ice_cave_rime,
          kennysheep_generic_room_6
Orc:1:    cheibrodos_orc_bank, layout_caves, uniq_nergalle, uniq_erolcha,
          uniq_snorg
IceCv:    ice_cave_hellmonk_azure_passage

Skill      XL: |  1  2  3  4  5  6  7  8  9 10 11 |
---------------+----------------------------------+-----
Polearms       | 4 5 6 7 8 9 10 12 13 | 13.7
Fighting       | 4 5 6 7 8 9 10 | 10.3
Dodging        | 3 4 5 6 |  6.7
Stealth        | 1 2 3 |  3.5
Armour         | 3 4 6 8 9 10 | 10.8
Shields        | 2 4 5 |  5.4
Throwing       | 1 |  1.4
Evocations     | 1 |  1.2

Action                     |  1- 3 |  4- 6 |  7- 9 | 10-12 || total
---------------------------+-------+-------+-------+-------++-------
  Melee: Spear             |    99 |   155 |   369 |   280 ||   903
         Headbutt          |     9 |    17 |    77 |    71 ||   174
         Punch             |       |     1 |     5 |     3 ||     9
         Halberd           |       |       |       |   131 ||   131
  Throw: Dart              |       |     6 |       |       ||     6
         Javelin           |       |       |       |     9 ||     9
 Invoke: Trog's Hand       |     1 |       |       |     1 ||     2
         Berserk           |       |     2 |     5 |     4 ||    11
         Brothers in Arms  |       |       |       |     3 ||     3
  Evoke: Wand              |       |       |       |    22 ||    22
    Use: Scroll            |       |       |     2 |     6 ||     8
         Potion            |       |       |       |     6 ||     6
   Stab: Sleeping          |     3 |     2 |       |       ||     5
         Paralysed         |       |       |       |     2 ||     2
         Invisible         |       |       |       |     1 ||     1
 Armour: Animal skin       |    28 |    24 |       |       ||    52
         Leather armour    |       |    26 |       |       ||    26
         Scale mail        |       |       |   145 |   193 ||   338
         Skin              |       |       |       |     1 ||     1
  Dodge: Dodged            |    32 |    42 |   118 |   133 ||   325
  Block: Other             |       |     8 |    42 |    67 ||   117
         Reflection        |       |     3 |     1 |     2 ||     6

Table legend: (Time is in decaauts)
 A = Elapsed time spent in this place.
 B = Non-inter-level travel time spent in this place.
 C = Inter-level travel time spent in this place.
 D = Time resting spent in this place.
 E = Time spent auto-exploring this place.
 F = Levels seen in this place.
 G = Mean time per level.
                   A        B        C        D        E       F      G
               +--------+--------+--------+--------+--------+-----+--------+
         Total |  11904 |  10602 |   1302 |   1671 |   7196 |  14 |  850.3 |
       Dungeon |  11087 |   9785 |   1302 |   1346 |   7027 |  11 | 1007.9 |
  Orcish Mines |      3 |      3 |      0 |      0 |      0 |   1 |    3.0 |
        Bailey |    459 |    459 |      0 |     61 |    165 |   1 |  459.0 |
      Ice Cave |    353 |    353 |      0 |    264 |      4 |   1 |  353.0 |
               +--------+--------+--------+--------+--------+-----+--------+

Top non-repeatable levels by time:
     D:5: 1629 daAuts
     D:8: 1593 daAuts
     D:7: 1195 daAuts
    D:10: 1175 daAuts
     D:6: 1123 daAuts
     D:9: 1069 daAuts
     D:2: 991 daAuts
     D:4: 775 daAuts
     D:1: 699 daAuts
     D:3: 624 daAuts
  Bailey: 459 daAuts
   IceCv: 353 daAuts
    D:11: 211 daAuts
   Orc:1: 3 daAuts
